 Dungeon Sprint DCSS version 0.26-a0-971-g1d9d62bb61 (webtiles) character file.

Game seed: 804942241987741558

41125 mhtbhm the Executioner (level 13, -3/150 HPs)
             Began as a Minotaur Berserker on Dec 4, 2020.
             Was the Champion of Trog.
             Slain by a yellow draconian
             ... wielding a +0 great sword of distortion
              (7 damage)
             ... in the Dungeon (Sprint V: "Ziggurat Sprint").
             The game lasted 00:09:29 (1681 turns).

mhtbhm the Executioner (Minotaur Berserker)         Turns: 1681, Time: 00:09:30

Health: -3/150     AC: 28    Str: 40    XL:     13   Next: 78%
Magic:  21/21      EV:  9    Int:  2    God:    Trog [******]
Gold:   0          SH:  5    Dex: 12    Spells: 12/12 levels left

rFire    + + .     SeeInvis .   i - +13 lance "Wyrmbane" {slay drac, rPois rF+ rC+ AC+3}
rCold    + + .     Faith    .   (no shield)
rNeg     . . .     Spirit   .   b - +9 gold dragon scales
rPois    +         Reflect  +   (helmet restricted)
rElec    +         Harm     .   N - scarf {repulsion}
rCorr    .         Rampage  .   o - +0 pair of gloves {Str+3}
MR       .....     NoTele   +   k - +0 pair of boots of Indemnity {-Cast Str+4 Dex+2} Stlth ..........NoCast +
                                D - amulet of reflection
HPRegen  0.35/turn              p - +6 ring of strength
MPRegen  0.17/turn              M - ring "Quem" {+Blink rElec MP+9}

@: lethally poisoned (-3 -> -5), corroded, berserk cooldown, slowed,
constricted, studying 2 skills, repel missiles, very slow
A: retaliatory headbutt, horns 2, blurry vision 1, dopey 1
a: Berserk, Trog's Hand, Brothers in Arms, Renounce Religion, Evoke Blink


You were in the Dungeon.
You worshipped Trog.
Trog was exalted by your worship.
You visited 1 branch

Inventory:

Hand Weapons
 a - the +14 obsidian axe {vorpal, +Fly SInv *Curse}
   (You found it in the Dungeon)

   It inflicts extra damage upon your enemies.
   It lets you see invisible.
   It lets you fly.
   It curses itself when equipped.
 i - the +13 lance "Wyrmbane" (weapon) {slay drac, rPois rF+ rC+ AC+3}
   (You found it in the Dungeon)

   It affects your AC (+3).
   It protects you from fire.
   It protects you from cold.
   It protects you from poison.
 H - a +3 executioner's axe
 L - a +3 broad axe of flaming
Armour
 b - +9 gold dragon scales (worn)
 j - the +15 Maxwell's patent armour {-Cast -Tele rElec MR+ rCorr}
   (You found it in the Dungeon)

   It insulates you from electricity.
   It affects your resistance to hostile enchantments.
   It prevents spellcasting.
   It prevents most forms of teleportation.
   It provides partial protection from all sources of acid and corrosion.
 k - the +0 pair of boots of Indemnity (worn) {-Cast Str+4 Dex+2}
   (You found it in the Dungeon)

   It affects your strength (+4).
   It affects your dexterity (+2).
   It prevents spellcasting.
 o - a +0 pair of gloves of strength (worn)
 N - a scarf of repulsion (worn)
Jewellery
 n - an uncursed ring of positive energy
 p - a +6 ring of strength (left hand)
 D - an amulet of reflection (around neck)
 G - the ring "Jucu" {Wiz rF++}
   (You found it in the Dungeon)

   [ring of wizardry]

   It improves your spell success rate.
   It greatly protects you from fire.
 I - an uncursed ring of positive energy
 J - a +4 ring of evasion
 M - the ring "Quem" (right hand) {+Blink rElec MP+9}
   (You found it in the Dungeon)

   [ring of magical power]

   It insulates you from electricity.
   It affects your magic capacity (+9).
   It lets you blink.
 O - an uncursed ring of protection from magic
Wands
 r - a wand of disintegration (7)
 s - a wand of iceblast (7)
 t - a wand of acid (7)
Scrolls
 h - 4 scrolls of blinking
 y - 7 scrolls of fog
 z - a scroll of holy word
 A - 4 scrolls of identify
 B - 3 scrolls of remove curse
 C - 2 scrolls of fear
 E - 2 scrolls of brand weapon
Potions
 c - 10 potions of curing
 d - 5 potions of heal wounds
 e - 5 potions of haste
 f - 7 potions of magic
 g - 3 potions of berserk rage
 u - 2 potions of invisibility
 v - 4 potions of resistance
 w - a potion of experience
 x - 5 potions of might
Books
 q - a manual of Throwing
 P - a manual of Fighting
Miscellaneous
 l - a phantom mirror
 m - a condenser vane (inert)
 F - a phantom mirror
 K - a tin of tremorstones (2/2)


   Skills:
 + Level 24.1 Fighting
 + Level 25.2(25.9) Axes
 + Level 11.9(20.1) Polearms
 + Level 17.2 Armour
 + Level 8.2 Dodging
 + Level 5.1 Stealth
 + Level 8.5 Shields


You had 12 spell levels left.
You didn't know any spells.
Your spell library contained the following spells:

 Spells                   Type           Power        Failure   Level
 Magic Dart               Conj           #...         99%         1
 Blink                    Tloc           N/A          100%        2
 Dazzling Flash           Conj/Hex       #.....       100%        3
 Gell's Gravitas          Tloc           #.........   100%        3
 Lesser Beckoning         Tloc           #.........   100%        3
 Teleport Other           Tloc           #.......     100%        3
 Leda's Liquefaction      Hex/Erth       #.........   100%        4
 Passage of Golubria      Tloc           N/A          100%        4
 Silence                  Hex/Air        #.........   100%        5
 Summon Forest            Summ/Tloc      #.........   100%        5
 Yara's Violent Unravell  Hex/Tmut       #.........   100%        5
 Freezing Cloud           Conj/Ice/Air   #.........   100%        6
 Iron Shot                Conj/Erth      #.........   100%        6


Dungeon Overview and Level Annotations

Branches:
Dungeon (1/1)

Altars:
Ashenzari
Cheibriados
Dithmenos
Elyvilon
Fedhas
Gozag
Hepliaklqana
Kikubaaqudgha
Makhleb
Nemelex Xobeh
Okawaru
Qazlal
Ru
Sif Muna
Trog
Uskayaw
Vehumet
Wu Jian
Xom
Yredelemnul
Zin
The Shining One
Beogh
Jiyva
Lugonu

Annotations:
D 1 transporter


Innate Abilities, Weirdness & Mutations

You reflexively headbutt those who attack you in melee.
You have a pair of horns on your head.
Scrolls take you a little longer to read.
You are dopey. (Int -2)


Message History

The tentacled monstrosity constricts you.
The yellow draconian throws acid at you.
The glob of acid hits you but does no damage.
You are splashed with acid!
* * * LOW HITPOINT WARNING * * *
The purple draconian is struck by lightning.
The purple draconian hits your cyclops with a +1 vampiric lajatang!!
The green draconian is struck by lightning.
The green draconian hits you but does no damage.
The green draconian tail-slaps you but does no damage.
Your cyclops closely misses the purple draconian.
The tentacled monstrosity is struck by lightning.
The tentacled monstrosity tentacle-slaps you but does no damage. x2
You block the tentacled monstrosity's attack.
* * * LOW HITPOINT WARNING * * *
The tentacled monstrosity constricts you.
The yellow draconian is struck by lightning.
The yellow draconian hits you but does no damage.
Space bends around you!
You die...

▓........▓..
▓....8©8....▓..†.....▓..
▓..}}}=}}}..▓.▓....▓.▓..
▓...)=)[:)..▓...©....▓..
▓...........▓▓▓▓▓▓▓▓▓▓▓▓
▓...........▓...8©8...▓.
▓....§§§§...▓.........▓.
▓....§dd§...▓.........▓.
▓.§X@§▓ ▓.........▓.
▓▓§d§▓▓ ▓....)....▓.
▓..▓.§§C.▓..▓...)))...▓.
▓.....©.....▓...)))...▓.
▓▓▓▓▓▓▓▓▓▓▓▓▓.........▓.
▓....8©8....▓....©....▓.
▓...[)..}:..▓▓▓▓▓▓▓▓▓▓▓▓
▓...):[==...▓...8©8...▓.
▓...........▓..[|.}...▓.


You could see a tentacled monstrosity, a yellow draconian (catching breath), a
green draconian, a purple draconian and a friendly cyclops (summoned, berserk).

Vanquished Creatures
  An ancient lich (D)
  A tentacled monstrosity (D)
  A deep elf blademaster (D)
  A deep elf master archer (D)
  A deep elf sorcerer (D)
  A vault warden (D)
  2 very ugly things (D)
  A green draconian (D)
  A black draconian (D)
  A deep elf demonologist (D)
  An entropy weaver (shapeshifter) (D)
  A white draconian (D)
  A spark wasp (shapeshifter) (D)
  2 deep elf annihilators (D)
  A red draconian (D)
  A purple draconian (D)
  A deep elf high priest (D)
  6 vault guards (D)
  2 dancing weapons (D)
  A deep elf knight (D)
  2 skeletal warriors (D)
  An ugly thing (D)
  A moth of wrath (D)
  A shining eye (D)
  2 deep elf magi (D)
  2 ice devils (D)
  A polar bear (D)
  A jumping spider (D)
  A hornet (D)
  2 spriggans (D)
  2 shadows (D)
  2 tarantellas (D)
  A wyvern (D)
  A human (shapeshifter) (D)
  4 fire elementals (D)
  3 steam dragons (D)
  2 neqoxecs (D)
  2 acid dragons (D)
  3 hell hounds (D)
  3 swamp drakes (D)
  2 necrophages (D)
  2 ice beasts (D)
  A phantom (D)
  2 wolves (D)
  A big kobold (shapeshifter) (D)
  3 scorpions (D)
  5 wights (D)
  A white imp (D)
  A bat zombie (D)
  A ball python zombie (D)
  A giant cockroach zombie (D)
  2 fire vortices (D)
87 creatures vanquished.

Vanquished Creatures (collateral kills)
  A tentacled monstrosity (D)
  A skeletal warrior (D)
  2 spriggans (D)
  A phantom (D)
  An adder skeleton (D)
6 creatures vanquished.

Vanquished Creatures (others)
  A deep elf annihilator (D)
  A white draconian (D)
  A deep elf knight (D)
  A fire elemental (D)
4 creatures vanquished.

Grand Total: 97 creatures vanquished

Notes
Turn   | Place    | Note
-------+----------+-------------------------------------------
     0 | D        | mhtbhm the Minotaur Berserker began the quest for the Orb.
     0 | D        | Reached XP level 1. HP: 19/19 MP: 0/0
     1 | D        | Found a blossoming altar of Fedhas.
     2 | D        | Found the +6 Majin-Bo {vamp, MP+6 Int+6}
     2 | D        | Found the +9 heavy crossbow "Sniper" {vorpal, Acc+∞ SInv}
     2 | D        | Found the +10 dark maul {vorpal}
     2 | D        | Found the +15 Maxwell's patent armour {-Cast -Tele rElec
                  | MR+ rCorr}
     2 | D        | Found the +18 shield of the Gong {rElec rN+ MR+ EV-5}
     2 | D        | Found the cursed +14 obsidian axe {vorpal, +Fly SInv
                  | *Curse}
     2 | D        | Found the +7 great mace "Firestarter" {inner flame, rF++}
     2 | D        | Found the +6 shillelagh "Devastator" {shatter}
     2 | D        | Found the +11 plutonium sword {*Contam Stlth-}
     2 | D        | Found the +8 lance "Wyrmbane" {slay drac, rPois rF+ rC+
                  | AC+3}
     2 | D        | Found the +9 sword of Zonguldrok {reap}
     2 | D        | Found the cursed +13 scythe of Curses {drain, *Curse}
     2 | D        | Found the +0 sword of Power
     2 | D        | Found the +7 mace of Variability {chain chaos}
     2 | D        | Found the +7 Singing Sword {vorpal, sonic wave}
     2 | D        | Found the +8 storm bow {elec, penet}
    19 | D        | Found a transporter.
    19 | D        | Found a viscous altar of Jiyva.
    19 | D        | Found an ancient bone altar of Kikubaaqudgha.
    19 | D        | Found a hazy altar of Hepliaklqana.
    19 | D        | Found a corrupted altar of Lugonu.
    19 | D        | Found an opulent altar of Gozag.
    19 | D        | Found a burning altar of Makhleb.
    22 | D        | Found a stormy altar of Qazlal.
    22 | D        | Found a sacrificial altar of Ru.
    22 | D        | Found an iron altar of Okawaru.
    22 | D        | Found a shimmering blue altar of Sif Muna.
    22 | D        | Found a sparkling altar of Nemelex Xobeh.
    22 | D        | Found a bloodstained altar of Trog.
    74 | D        | Entered arena 2.
    74 | D        | Noticed a scorpion
    74 | D        | Noticed a jumping spider
    74 | D        | Found a transporter.
    76 | D        | Killed a scorpion
    77 | D        | Reached skill level 6 in Axes
    77 | D        | Reached XP level 2. HP: 31/31 MP: 1/1
    77 | D        | Reached XP level 3. HP: 38/38 MP: 2/2
    77 | D        | Killed a jumping spider
    78 | D        | Reached skill level 9 in Axes
    78 | D        | Reached skill level 5 in Armour
    78 | D        | Reached XP level 4. HP: 51/51 MP: 3/3
    78 | D        | Reached XP level 5. HP: 58/58 MP: 4/4
    89 | D        | Got the cursed +0 pair of boots of Indemnity {-Cast Str+4
                  | Dex+2}
   124 | D        | Entered arena 3.
   124 | D        | Noticed a deep elf knight
   124 | D        | Noticed a +0 halberd of venom
   124 | D        | Noticed a deep elf mage
   124 | D        | Found a transporter.
   129 | D        | Killed a +0 halberd of venom
   129 | D        | Reached ** piety under Trog
   130 | D        | Reached skill level 12 in Axes
   130 | D        | Reached XP level 6. HP: 52/71 MP: 5/5
   130 | D        | Reached XP level 7. HP: 58/78 MP: 6/6
   130 | D        | Killed a deep elf mage
   131 | D        | Reached skill level 13 in Axes
   131 | D        | Reached XP level 8. HP: 64/86 MP: 7/7
   133 | D        | Killed a deep elf knight
   133 | D        | Reached *** piety under Trog
   134 | D        | Reached skill level 14 in Axes
   324 | D        | Entered arena 4.
   324 | D        | Found a transporter.
   329 | D        | Reached **** piety under Trog
   330 | D        | Reached skill level 15 in Axes
   330 | D        | Reached XP level 9. HP: 96/96 MP: 8/8
   483 | D        | Entered arena 5.
   483 | D        | Found a transporter.
   628 | D        | Entered arena 6.
   628 | D        | Found a transporter.
   631 | D        | Reached skill level 15 in Fighting
   631 | D        | Reached skill level 10 in Armour
   633 | D        | Reached skill level 16 in Axes
   634 | D        | Reached ***** piety under Trog
   670 | D        | Entered arena 7.
   670 | D        | Noticed a polar bear
   670 | D        | Noticed an ice devil
   670 | D        | Noticed an ice devil
   671 | D        | Found a transporter.
   676 | D        | Killed an ice devil
   679 | D        | Received a gift from Trog
   680 | D        | Killed a polar bear
   681 | D        | Killed an ice devil
   682 | D        | Reached skill level 17 in Axes
   702 | D        | Got the Disquisition on Enchantment and Creation
   736 | D        | Entered arena 8.
   736 | D        | Noticed a spriggan rider
   737 | D        | Found a transporter.
   741 | D        | Reached XP level 10. HP: 105/107 MP: 9/9
   742 | D        | Received a gift from Trog
   780 | D        | Entered arena 9.
   780 | D        | Noticed a vault guard
   780 | D        | Noticed a vault warden
   780 | D        | Noticed a vault guard
   780 | D        | Noticed a vault guard
   780 | D        | Noticed a vault guard
   780 | D        | Noticed a vault guard
   780 | D        | Noticed a vault guard
   781 | D        | Found a transporter.
   790 | D        | Killed a vault guard
   790 | D        | Killed a vault guard
   790 | D        | Killed a vault guard
   791 | D        | Reached skill level 19 in Axes
   791 | D        | Reached skill level 1 in Shields
   793 | D        | Killed a vault guard
   794 | D        | Killed a vault guard
   794 | D        | Reached ****** piety under Trog
   794 | D        | Killed a vault warden
   795 | D        | Reached skill level 20 in Axes
   795 | D        | Reached XP level 11. HP: 117/117 MP: 10/10
   795 | D        | Killed a vault guard
   810 | D        | Got the ring "Jucu" {Wiz rF++}
   822 | D        | Got Riggidwu's Volume of Lethal Snow
   957 | D        | Entered arena 10.
   958 | D        | Found a transporter.
   964 | D        | Received a gift from Trog
   969 | D        | Reached skill level 21 in Axes
   980 | D        | Got the ring "Quem" {+Blink rElec MP+9}
  1019 | D        | Entered arena 11.
  1020 | D        | Found the +3 Elemental Staff {rElec rF++ rC++ MR++ AC+5}
  1033 | D        | Received a gift from Trog
  1035 | D        | Reached skill level 1 in Polearms
  1038 | D        | Found a transporter.
  1113 | D        | Entered arena 12.
  1113 | D        | Noticed a cyan very ugly thing
  1113 | D        | Noticed a cyan ugly thing
  1113 | D        | Noticed an alligator
  1113 | D        | Noticed a swamp dragon
  1113 | D        | Noticed a wolf spider
  1113 | D        | an alligator changed into a wolf spider
  1114 | D        | Noticed a shining eye
  1114 | D        | Noticed a brown very ugly thing
  1114 | D        | a swamp dragon changed into a water nymph
  1115 | D        | Found a transporter.
  1116 | D        | Noticed a goliath frog
  1116 | D        | a wolf spider changed into a goliath frog
  1116 | D        | Noticed a wolf spider
  1116 | D        | a water nymph changed into a wolf spider
  1117 | D        | Lost intelligence.
  1120 | D        | Noticed a fire dragon
  1120 | D        | a wolf spider changed into a fire dragon
  1121 | D        | Killed a cyan ugly thing
  1122 | D        | Noticed an ice dragon
  1122 | D        | a goliath frog changed into an ice dragon
  1123 | D        | Noticed a satyr
  1123 | D        | an ice dragon changed into a satyr
  1123 | D        | Noticed a six-headed hydra
  1123 | D        | a fire dragon changed into a six-headed hydra
  1123 | D        | Gained mutation: You are dopey. (Int -2) [a shining eye]
  1124 | D        | Noticed a spark wasp
  1124 | D        | a seven-headed hydra changed into a spark wasp
  1125 | D        | Killed a spark wasp
  1125 | D        | Killed a cyan very ugly thing
  1125 | D        | Noticed an entropy weaver
  1125 | D        | a satyr changed into an entropy weaver
  1126 | D        | Killed a cyan very ugly thing
  1126 | D        | Received a gift from Trog
  1126 | D        | Killed a shining eye
  1126 | D        | Gained mutation: Scrolls take you a little longer to read.
                  | [a neqoxec]
  1127 | D        | Reached skill level 22 in Axes
  1127 | D        | Reached skill level 5 in Polearms
  1129 | D        | Killed an entropy weaver
  1129 | D        | Received a gift from Trog
  1130 | D        | Reached XP level 12. HP: 130/130 MP: 11/11
  1239 | D        | Entered arena 13.
  1240 | D        | Identified the +6 great sword of Slime {pain, MR+++ Int-5}
  1240 | D        | Noticed an ancient lich
  1241 | D        | Found a transporter.
  1252 | D        | Reached skill level 5 in Shields
  1252 | D        | Received a gift from Trog
  1253 | D        | Reached skill level 1 in Stealth
  1255 | D        | Killed an ancient lich
  1256 | D        | Reached skill level 23 in Axes
  1256 | D        | Reached skill level 15 in Armour
  1310 | D        | Entered arena 14.
  1311 | D        | Noticed a deep elf sorcerer
  1311 | D        | Noticed a deep elf annihilator
  1311 | D        | Noticed a deep elf annihilator
  1311 | D        | Noticed a deep elf annihilator
  1311 | D        | Noticed a deep elf demonologist
  1312 | D        | Noticed a deep elf master archer
  1312 | D        | Identified the +2 plate armour of the Orcish Mines {rElec
                  | Regen+}
  1312 | D        | Noticed a deep elf blademaster
  1312 | D        | Noticed a deep elf high priest
  1314 | D        | Found a transporter.
  1316 | D        | Noticed a lorocyproca
  1317 | D        | Noticed an Executioner
  1317 | D        | Killed a deep elf sorcerer
  1321 | D        | Killed a deep elf blademaster
  1321 | D        | Killed a deep elf annihilator
  1322 | D        | Reached skill level 24 in Axes
  1322 | D        | Reached XP level 13. HP: 139/143 MP: 12/12
  1324 | D        | Killed a deep elf annihilator
  1326 | D        | Received a gift from Trog
  1327 | D        | Reached skill level 10 in Polearms
  1328 | D        | Killed a deep elf demonologist
  1329 | D        | Killed a deep elf master archer
  1332 | D        | Received a gift from Trog
  1334 | D        | Killed a deep elf annihilator
  1630 | D        | Entered arena 15.
  1631 | D        | Noticed a green draconian
  1631 | D        | Noticed a green draconian
  1631 | D        | Noticed a purple draconian
  1631 | D        | Noticed a white draconian
  1631 | D        | Noticed a tentacled monstrosity
  1631 | D        | Noticed a yellow draconian
  1631 | D        | Noticed a black draconian
  1631 | D        | Noticed a red draconian
  1631 | D        | Noticed a tentacled monstrosity
  1631 | D        | Noticed a purple draconian
  1633 | D        | Noticed a tentacled monstrosity
  1633 | D        | Noticed a white draconian
  1643 | D        | Killed a white draconian
  1648 | D        | Killed a tentacled monstrosity
  1654 | D        | Killed a green draconian
  1659 | D        | Killed a black draconian
  1659 | D        | Received a gift from Trog
  1660 | D        | Reached skill level 25 in Axes
  1668 | D        | Killed a purple draconian
  1670 | D        | Killed a red draconian
  1671 | D        | Reached skill level 5 in Stealth
  1671 | D        | Found a transporter.
  1676 | D        | HP: 7/149 [acid (11)]
  1677 | D        | Killed a tentacled monstrosity
  1679 | D        | Killed a white draconian
  1681 | D        | HP: 4/150 [tentacled monstrosity (5)]
  1681 | D        | Slain by a yellow draconian

Illustrated notes

Levels and vault maps discovered:
D:        sprint_v [room_start, room_1, room_2, room_3, room_4, room_5, room_6,
          room_7, room_8, room_9, room_10, room_11, room_12, room_13, room_14,
          room_15, room_16, room_17, room_18, room_19, room_20, room_21,
          room_22, room_23, room_24, room_25, room_26, room_27]

Skill      XL: |  1  2  3  4  5  6  7  8  9 10 11 12 13 |
---------------+----------------------------------------+-----
Fighting       | 6 9 12 13 14 15 17 19 21 24 | 24.1
Axes           | 6 9 12 13 15 17 20 22 24 25 | 25.2
Armour         | 3 5 7 8 9 11 13 14 15 17 | 17.2
Dodging        | 3 4 6 7 8 |  8.2
Shields        | 2 4 6 8 |  8.5
Polearms       | 5 9 11 | 11.9
Stealth        | 3 5 |  5.1

Action                   |  1- 3 |  4- 6 |  7- 9 | 10-12 | 13-15 || total
-------------------------+-------+-------+-------+-------+-------++-------
Melee: Broad axe         |     2 |     2 |    26 |    51 |    10 ||    91
       Headbutt          |       |       |     3 |    20 |    18 ||    41
       Lance             |       |       |       |    17 |    35 ||    52
Invok: Berserk           |     1 |     1 |     4 |     5 |     1 ||    12
       Trog's Hand       |       |       |       |       |     1 ||     1
       Brothers in Arms  |       |       |       |       |     1 ||     1
Evoke: Condenser vane    |       |       |       |       |     1 ||     1
  Use: Scroll            |       |     4 |       |     2 |     1 ||     7
       Potion            |       |       |       |     1 |     5 ||     6
 Stab: Distracted        |       |       |       |     2 |       ||     2
Armor: Gold dragon scale |     2 |     3 |    19 |    40 |    99 ||   163
Dodge: Dodged            |     1 |     3 |    11 |    21 |    48 ||    84
       Repelled          |       |       |       |       |     3 ||     3
Block: Other             |       |       |     2 |    12 |    17 ||    31

Table legend: (Time is in decaauts)
 A = Elapsed time spent in this place.
 B = Non-inter-level travel time spent in this place.
 C = Inter-level travel time spent in this place.
 D = Time resting spent in this place.
 E = Time spent auto-exploring this place.
 F = Levels seen in this place.
 G = Mean time per level.
                   A        B        C        D        E       F      G
               +--------+--------+--------+--------+--------+-----+--------+
         Total |   1723 |   1723 |      0 |   1070 |      0 |   1 | 1723.0 |
       Dungeon |   1723 |   1723 |      0 |   1070 |      0 |   1 | 1723.0 |
               +--------+--------+--------+--------+--------+-----+--------+

Top non-repeatable levels by time:
       D: 1723 daAuts
